 Dungeon Crawl Stone Soup version 0.28-a0-793-g31680bbd8b (webtiles) character file.

Game seed: 15706182183519271979

5743 cheechan the Slasher (level 10, 0/92 HPs)
             Began as a Naga Fighter on Nov 4, 2021.
             Slain by a two-headed ogre (15 damage)
             ... on level 8 of the Dungeon.
             The game lasted 00:33:37 (8822 turns).

cheechan the Slasher (Naga Fighter)                 Turns: 8822, Time: 00:33:37

Health: 0/92       AC: 14    Str: 21    XL:     10   Next: 77%
Magic:  10/10      EV:  7    Int:  7    God:
Gold:   231        SH:  0    Dex: 11    Spells: 8/9 levels left

rFire   + . .      SeeInvis +   a - +5 falchion
rCold   . . .      Faith    .   c - +0 buckler
rNeg    + . .      Spirit   .   z - +0 storm dragon scales
rPois   +          Reflect  .   u - +0 helmet
rElec   +          Harm     .   q - +1 cloak
rCorr   .          Rampage  .   (no gloves)
Will    +....      Clarity  +   (no barding)
Stlth   ..........              (no amulet)
HPRegen 0.25/turn               n - ring of protection from fire
MPRegen 0.12/turn               A - ring of positive energy

@: confused, ambrosia-drunk, very slow
A: AC +3, large, see invisible, deformed body, poison resistance, slowness 2,
spit poison 1, naga tail 1, stinger 1, large bone plates 1, clarity, dopey 1
a: Spit Poison


You were on level 8 of the Dungeon.
You visited 2 branches of the dungeon, and saw 9 of its levels.

You collected 264 gold pieces.
You spent 33 gold pieces at shops.

Inventory:

Hand Weapons
 a - a +5 falchion (weapon)
 e - a +3 dagger of venom
 i - a +1 hand axe of flaming
 p - a +2 quarterstaff of chaos
 w - a +2 hand axe of freezing
 y - a +0 arbalest
Missiles
 h - 19 sling bullets
 m - 75 arrows
 o - 24 poisoned darts
 x - 40 bolts
 I - a boomerang
Armour
 c - a +0 buckler (worn)
 j - +0 steam dragon scales
 l - a +3 leather armour
 q - a +1 cloak (worn)
 u - a +0 helmet (worn)
 z - +0 storm dragon scales (worn)
Jewellery
 n - a ring of protection from fire (left hand)
 A - a ring of positive energy (right hand)
Wands
 b - a wand of flame (9)
 D - a wand of iceblast (18)
Scrolls
 r - a scroll of noise
 s - a scroll of magic mapping
 v - a scroll of identify
 B - 3 scrolls of teleportation
 E - a scroll of silence
 J - a scroll of amnesia
Potions
 d - a potion of brilliance
 f - 2 potions of magic
 g - a potion of haste
 k - 2 potions of resistance
 t - 3 potions of flight
 C - a potion of mutation
 H - a potion of attraction


   Skills:
 + Level 6.7 Fighting
 + Level 3.7(6.2) Short Blades
 + Level 7.7(8.1) Long Blades
 + Level 2.8 Axes
 + Level 6.7 Armour
 + Level 3.7 Dodging
 + Level 2.0 Stealth
 + Level 6.4 Shields
 + Level 0.3 Spellcasting
 + Level 0.2 Conjurations
 + Level 0.3 Air Magic


You had 8 spell levels left.
You knew the following spells:

 Your Spells              Type           Power      Damage    Failure   Level
a - Shock                 Conj/Air       0%         1d3       97%         1

Your spell library contained the following spells:

 Spells                   Type           Power      Damage    Failure   Level
 Beastly Appendage        Tmut           0%         N/A       98%         1
 Wereblood                Tmut           0%         N/A       99%         2
 Gell's Gravitas          Tloc           0%         N/A       100%        3
 Ignite Poison            Fire/Tmut/Pois 0%         N/A       100%        3
 Mephitic Cloud           Conj/Pois/Air  0%         N/A       100%        3
 Spider Form              Tmut/Pois      0%         N/A       100%        3
 Swiftness                Air            0%         N/A       100%        3
 Teleport Other           Tloc           0%         N/A       100%        3
 Airstrike                Air            0%         N/A       100%        4
 Freezing Cloud           Conj/Ice/Air   0%         6-21      100%        5
 Dispersal                Tloc           0%         N/A       100%        6


Dungeon Overview and Level Annotations

Branches:
Dungeon (8/15)             Temple (1/1) D:7            Lair (0/6) D:8

Altars:
Ashenzari
Cheibriados
Elyvilon
Fedhas
Gozag
Hepliaklqana
Kikubaaqudgha
Okawaru
Qazlal
Sif Muna
Uskayaw
Vehumet
Xom
Zin
Lugonu

Shops:
D:2 *=   D:5 :   D:7 ?:*(


Innate Abilities, Weirdness & Mutations

Your serpentine skin is tough. (AC +3)
You have supernaturally acute eyesight. (SInv)
Armour fits poorly on your strangely shaped body.
Your system is resistant to poisons. (rPois)
You cover ground very slowly.
You can spit poison.
You have a snake-like lower body.
Your tail ends in a venomous barb.
You are partially covered in large bone plates. (SH +4)
You possess an exceptional clarity of mind.
You are dopey. (Int -2)


Message History

You block the black bear's attack.
The black bear claws you but does no damage.
You hit the black bear.
The black bear is heavily wounded.
You block the black bear's attack.
The black bear claws you but does no damage. x2
You slash the black bear!
The black bear is almost dead.
The black bear goes berserk!
You hit the black bear.
The black bear is almost dead.
The black bear bites you. The black bear completely misses you.
You block the black bear's attack.
You slash the black bear!
You kill the black bear!
The centaur unwields a +0 shortbow.
The centaur barely misses you. You block the centaur's attack.
You hit the centaur but do no damage. You block the centaur's attack.
The centaur kicks you but does no damage.
You hit the centaur.
The centaur is lightly wounded.
You completely miss the two-headed ogre.
You slash the two-headed ogre!
The two-headed ogre is lightly wounded.
The two-headed ogre hits you with a +0 giant club!
* * * LOW HITPOINT WARNING * * *
The two-headed ogre hits you with a +0 giant spiked club!
* * * LOW HITPOINT WARNING * * *
Okay, then.
Okay, then.
You are confused.
You feel invigorated.
The two-headed ogre hits you but does no damage.
The two-headed ogre hits you with a +0 giant spiked club!
* * * LOW HITPOINT WARNING * * *
You bump into the stone wall.
The two-headed ogre hits you with a +0 giant club.
* * * LOW HITPOINT WARNING * * *
The two-headed ogre hits you with a +0 giant spiked club!
You die...

# #.# .#$...
.#...
########....?
#........#
#.....c..#
#..###.###
####
#..#.O...#
...#
#.†#.@...#
...#
#.........#
...#
#.$#.....#...
...#
#..#...(?#..#
...#
#..###.### #.#
#'## #........
⌠. ...#
##.######.
...# #..#
..♣########.##


You could see a two-headed ogre and a centaur.

Vanquished Creatures
  Maggie (D:6)
  A troll (D:8)
  A hornet (D:8)
  Prince Ribbit (D:5)
  A yak (D:8)
  A vampire (D:6)
  The ghost of HuGe the Chopper, an amateur HOBe of Trog (D:6)
  A wyvern (D:7)
  Eustachio (D:5)
  A steam dragon (D:7)
  The ghost of R007833r the Cudgeller, an amateur GrGl (D:3)
  5 water moccasins
  Duvessa (D:5)
  3 ice beasts
  3 ogres
  6 black bears
  3 necrophages
  A sky beast (D:8)
  2 centaurs
  A phantom (D:6)
  6 bullfrogs
  Dowan (D:5)
  A scorpion (D:8)
  3 water moccasin zombies (D:5)
  An electric eel (D:8)
  4 hounds
  2 bullfrog skeletons
  2 jellies
  2 orc priests
  Crazy Yiuf (D:2)
  3 iguanas
  Natasha (thrice) (D:3)
  A centaur skeleton (D:6)
  3 orc wizards
  Terence (D:3)
  A killer bee zombie (D:6)
  A spectral killer bee (D:6)
  Robin (D:3)
  2 hound skeletons
  3 howler monkey zombies
  11 adders
  A howler monkey skeleton (D:6)
  A shadow imp (D:3)
  5 dart slugs
  19 orcs
  3 bats
  5 endoplasms
  5 giant cockroaches
  6 hobgoblins
  13 jackals
  2 quokkas (D:1)
  5 ball pythons
  4 frilled lizards
  14 goblins
  2 kobolds
  2 rats (D:3)
176 creatures vanquished.

Vanquished Creatures (others)
  An orc (D:5)
  32 fungi
  28 plants (D:8)
61 creatures vanquished.

Grand Total: 237 creatures vanquished

Notes
Turn   | Place    | Note
-------+----------+-------------------------------------------
     0 | D:1      | cheechan the Naga Fighter began the quest for the Orb.
     0 | D:1      | Reached XP level 1. HP: 21/21 MP: 1/1
    29 | D:1      | You fall into a shaft and drop 1 floor!
   132 | D:1      | Reached XP level 2. HP: 28/28 MP: 2/2
   292 | D:1      | Reached XP level 3. HP: 14/34 MP: 3/3
   642 | D:1      | You fall into a shaft and drop 1 floor!
   690 | D:2      | Reached skill level 1 in Short Blades
   696 | D:2      | Found Tudett's General Store.
   791 | D:2      | Found a runed translucent door.
   792 | D:2      | Noticed Crazy Yiuf
   799 | D:2      | Killed Crazy Yiuf
   800 | D:2      | Reached XP level 4. HP: 35/42 MP: 4/4
   981 | D:2      | Found Seolejul's Jewellery Emporium.
  1357 | D:3      | Noticed Robin
  1364 | D:3      | Killed Robin
  1365 | D:3      | Reached XP level 5. HP: 42/49 MP: 5/5
  1455 | D:3      | Found a runed translucent door.
  1455 | D:3      | Noticed R007833r's ghost (amateur GrGl)
  1505 | D:3      | Killed R007833r's ghost
  1506 | D:3      | Reached XP level 6. HP: 15/56 MP: 6/6
  1960 | D:3      | Noticed Natasha
  1968 | D:3      | Reached skill level 1 in Dodging
  1971 | D:3      | Noticed an ice beast
  1974 | D:3      | Killed Natasha
  1986 | D:3      | Noticed Natasha
  1989 | D:3      | Gained mutation: You are clumsy. (Dex -2) [potion of
                  | mutation]
  1989 | D:3      | Gained mutation: Your flesh is cold resistant. (rC+)
                  | [potion of mutation]
  1989 | D:3      | Gained mutation: Your tail ends in a venomous barb. [potion
                  | of mutation]
  2400 | D:3      | Killed an ice beast
  2409 | D:3      | Killed Natasha
  2419 | D:3      | Noticed Terence
  2428 | D:3      | Killed Terence
  2429 | D:3      | Reached XP level 7. HP: 49/62 MP: 7/7
  2483 | D:3      | Noticed Natasha
  2493 | D:3      | Killed Natasha
  2519 | D:3      | Lost mutation: You are clumsy. (Dex -2) [potion of
                  | mutation]
  2519 | D:3      | Lost mutation: Your flesh is cold resistant. (rC+) [potion
                  | of mutation]
  2519 | D:3      | Gained mutation: You are dopey. (Int -2) [potion of
                  | mutation]
  2519 | D:3      | Gained mutation: You possess an exceptional clarity of
                  | mind. [potion of mutation]
  2519 | D:3      | Gained mutation: You are partially covered in large bone
                  | plates. (SH +4) [potion of mutation]
  2596 | D:3      | Found an opulent altar of Gozag.
  2779 | D:3      | Learned a level 1 spell: Shock
  2877 | D:4      | Found a snail-covered altar of Cheibriados.
  3268 | D:4      | Reached skill level 1 in Stealth
  3781 | D:5      | Entered Level 5 of the Dungeon
  3781 | D:5      | Noticed Eustachio
  3808 | D:4      | Reached skill level 1 in Long Blades
  4384 | D:5      | Killed Eustachio
  4385 | D:5      | Reached skill level 5 in Armour
  4385 | D:5      | Reached XP level 8. HP: 49/72 MP: 8/8
  4401 | D:5      | Reached skill level 2 in Long Blades
  4453 | D:5      | Found a broken altar of Ashenzari.
  4537 | D:5      | Found Aggushom's Self-Improvement Boutique.
  4582 | D:5      | You fall into a shaft and drop 2 floors!
  4601 | D:7      | Reached skill level 3 in Long Blades
  4737 | D:7      | Noticed a wyvern
  4744 | D:7      | Found a stormy altar of Qazlal.
  4758 | D:7      | Found a staircase to the Ecumenical Temple.
  4787 | D:7      | Killed a wyvern
  4788 | D:7      | Reached skill level 4 in Long Blades
  4788 | D:7      | Reached XP level 9. HP: 47/79 MP: 9/9
  4798 | Temple   | Entered the Ecumenical Temple
  4893 | D:7      | Found Siduugad's Magic Scroll Shop.
  4957 | D:7      | Found Vepapudu's Book Boutique.
  5378 | D:6      | Reached skill level 5 in Fighting
  5515 | D:6      | Reached skill level 5 in Long Blades
  5617 | D:6      | Found a runed translucent gate.
  5618 | D:6      | Noticed Maggie
  5620 | D:6      | Found a runed translucent gate.
  5620 | D:6      | Found a runed translucent gate.
  5640 | D:6      | Killed Maggie
  5874 | D:6      | Noticed HuGe's ghost (amateur HOBe)
  5929 | D:6      | Killed HuGe's ghost
  5930 | D:6      | Reached skill level 5 in Shields
  6004 | D:6      | Reached skill level 6 in Long Blades
  6324 | D:5      | Noticed Duvessa
  6324 | D:5      | Noticed Dowan
  6627 | D:5      | Killed Duvessa
  6634 | D:5      | Killed Dowan
  6663 | D:5      | Noticed Prince Ribbit
  6680 | D:5      | Killed Prince Ribbit
  6681 | D:5      | Reached XP level 10. HP: 37/91 MP: 10/10
  6694 | D:5      | Found a radiant altar of Vehumet.
  7251 | D:6      | Reached skill level 7 in Long Blades
  7720 | D:7      | Found Cuighych's Weapon Shoppe.
  7843 | D:7      | Found Ysamost's Assorted Antiques.
  7848 | D:7      | Bought a scroll labelled GYDWOA XUICVATE for 33 gold pieces
  8715 | D:8      | Found a staircase to the Lair.
  8776 | D:8      | Noticed a two-headed ogre
  8822 | D:8      | Slain by a two-headed ogre

Illustrated notes

Levels and vault maps discovered:
D:1:      beargit_arrival_diablo_church, layout_loops_ring
D:2:      layout_loops_cross, serial_shops, nicolae_shop_statue_plus, shop,
          amcnicky_mini_rare_corridor_liquid, minmay_misc_feat_alley,
          uniq_crazy_yiuf_cottage
D:3:      layout_basic, nicolae_gozag_cash_rules_everything_around_me,
          hellmonk_ghost_happy_afterlife, uniq_robin, uniq_terence, uniq_natasha
D:4:      layout_layer_cave, kennysheep_slug_shrine
D:5:      layout_cave_pools, nzn_wu_jian_council_hall,
          grunt_temple_overflow_open, nicolae_shop_self_help, uniq_eustachio,
          uniq_prince_ribbit1, uniq_duvessa
D:6:      layout_basic, gammafunk_ghost_necromancy, uniq_maggie
D:7:      layout_loops_cross, lemuel_crystal_altar,
          minmay_temple_entry_large_hall, serial_shops, shop, kennysheep_mini,
          nicolae_stop_n_shop_1, shop_statue
D:8:      layout_basic, nzn_makhleb_speed_demon, due_lair_maze_entry_diamond,
          minmay_misc_feat_cross, hangedman_decor_points,
          nicolae_zen_rock_garden, kennysheep_donut, minmay_chambers_of_fives
Temple:   corrupted_temple

Skill      XL: |  1  2  3  4  5  6  7  8  9 10 |
---------------+-------------------------------+-----
Short Blades   | 1 2 3 |  3.7
Armour         | 3 4 5 6 |  6.7
Shields        | 3 4 5 6 |  6.4
Dodging        | 1 2 3 |  3.7
Stealth        | 1 2 |  2.0
Fighting       | 4 5 6 |  6.7
Long Blades    | 1 4 6 7 |  7.7
Axes           | |  2.8
Spellcasting   | |  0.3
Conjurations   | |  0.2
Air Magic      | |  0.3

Action                   |  1- 3 |  4- 6 |  7- 9 | 10-12 || total
-------------------------+-------+-------+-------+-------++-------
Melee: War axe           |     5 |       |       |       ||     5
       Dagger            |    93 |   140 |    39 |       ||   272
       Falchion          |       |       |   368 |   177 ||   545
 Abil: Spit Poison       |     1 |     6 |    11 |     2 ||    20
  Use: Scroll            |     4 |     5 |     7 |     4 ||    20
       Potion            |       |     3 |     4 |     2 ||     9
Armor: Scale mail        |    52 |    69 |    69 |       ||   190
       Leather armour    |       |       |    88 |       ||    88
       Skin              |       |       |     9 |       ||     9
       Storm dragon scal |       |       |   102 |   175 ||   277
Dodge: Dodged            |    45 |    60 |   193 |    64 ||   362
Block: Buckler           |    18 |    28 |   250 |    98 ||   394

Table legend: (Time is in decaauts)
 A = Elapsed time spent in this place.
 B = Non-inter-level travel time spent in this place.
 C = Inter-level travel time spent in this place.
 D = Time resting spent in this place.
 E = Time spent auto-exploring this place.
 F = Levels seen in this place.
 G = Mean time per level.
                   A        B        C        D        E       F      G
               +--------+--------+--------+--------+--------+-----+--------+
         Total |  10820 |  10820 |      0 |   2761 |      0 |   9 | 1202.2 |
       Dungeon |  10769 |  10769 |      0 |   2761 |      0 |   8 | 1346.1 |
        Temple |     51 |     51 |      0 |      0 |      0 |   1 |   51.0 |
               +--------+--------+--------+--------+--------+-----+--------+

Top non-repeatable levels by time:
     D:6: 1939 daAuts
     D:4: 1851 daAuts
     D:3: 1475 daAuts
     D:7: 1452 daAuts
     D:2: 1246 daAuts
     D:5: 1013 daAuts
     D:8: 944 daAuts
     D:1: 846 daAuts
  Temple: 51 daAuts
